 Dungeon Sprint DCSS version 0.29.1-4-g47bece8355 (webtiles) character file.

Game seed: 9911295727103203081

1069 boopmooplesden the Cleaver (level 8, -4/85 HPs)
             Began as a Minotaur Berserker on Dec 6, 2022.
             Was a High Priest of Trog.
             Slain by a spatial vortex (15 damage)
             ... in the Dungeon (Sprint III: "The Ten Rune Challenge").
             The game lasted 00:01:54 (1248 turns).

boopmooplesden the Cleaver (Minotaur Berserker)     Turns: 1248, Time: 00:01:54

Health: -4/85      AC:  6    Str: 23    XL:     8   Next: 7%
Magic:  7/7        EV: 13    Int:  4    God:    Trog [*****.]
Gold:   31         SH:  0    Dex: 11    Spells: 7/7 levels left

rFire   . . .      SeeInvis .   l - +0 long sword (holy)
rCold   . . .      Faith    .   (no shield)
rNeg    . . .      Spirit   .   i - +0 ring mail
rPois   .          Reflect  .   (helmet restricted)
rElec   .          Harm     .   (no cloak)
rCorr   .          Rampage  .   (no gloves)
Will    .....      NoTele   +   (no boots)
Stlth   +.........              (no amulet)
HPRegen 0.24/turn               (no ring)
MPRegen 0.10/turn               (no ring)

@: no status effects
A: horns 2, retaliatory headbutt
a: Renounce Religion, Berserk, Trog's Hand, Brothers in Arms


You were in the Dungeon.
You worshipped Trog.
Trog was extremely pleased with you.
You visited 1 branch You collected 31 gold pieces.

Inventory:

Hand Weapons
 a - a +0 hand axe
 l - a +0 long sword of holy wrath (weapon)
Armour
 b - a +0 animal skin
 i - a +0 ring mail (worn)
Scrolls
 h - a scroll of blinking
 k - a scroll of torment
Potions
 c - 3 potions of curing
 d - a potion of heal wounds
 e - 2 potions of haste
 f - 2 potions of magic
 g - 2 potions of berserk rage
 j - 3 potions of mutation {unknown}
 m - 3 potions of flight
Miscellaneous
 n - a phantom mirror


   Skills:
 + Level 12.8 Fighting
 + Level 0.6 Long Blades
 + Level 14.3 Axes
 + Level 6.5 Armour
 + Level 7.4 Dodging
 + Level 0.1 Stealth


You had 7 spell levels left.
You didn't know any spells.
Your spell library was empty.

Dungeon Overview and Level Annotations

Branches:
Dungeon (1/1)

Altars:
Cheibriados
Dithmenos
Elyvilon
Fedhas
Gozag
Hepliaklqana
Kikubaaqudgha
Makhleb
Nemelex Xobeh
Okawaru
Qazlal
Ru
Sif Muna
Trog
Uskayaw
Vehumet
Wu Jian
Xom
Yredelemnul
Zin
The Shining One
Jiyva
Lugonu


Innate Abilities, Weirdness & Mutations

You have a pair of horns on your head.
You reflexively headbutt those who attack you in melee.


Message History

You open the door.
Found five altars.
A spatial vortex comes into view.
Found a phantom mirror.
Found five altars.
There is an open door here.
There is a blossoming altar of Fedhas here.
There is a burning altar of Makhleb here.
There is a shimmering altar of Xom here.
The spatial vortex barely misses you.
There is a sparkling altar of Nemelex Xobeh here.
You see here a phantom mirror.
You slash the spatial vortex!
Your headbutt misses the spatial vortex.
The spatial vortex is moderately damaged.
You hit the spatial vortex.
The spatial vortex is moderately damaged.
The spatial vortex attacks as you move away!
The spatial vortex hits you. Space warps around you.
There is a corrupted altar of Lugonu here.
There is a sparkling altar of Nemelex Xobeh here.
You see here a phantom mirror.
n - a phantom mirror
There is a hazy altar of Hepliaklqana here.
The spatial vortex hits you! The spatial vortex hits you.
There is a snail-covered altar of Cheibriados, spattered with blood here.
You slash the spatial vortex! You headbutt the spatial vortex!
The spatial vortex is severely damaged.
You barely miss the spatial vortex.
The spatial vortex is severely damaged.
There is a hazy altar of Hepliaklqana here.
There is an opulent altar of Gozag here.
You hit the spatial vortex.
The spatial vortex is almost destroyed.
The spatial vortex hits you! Space warps horribly around you!!
You hit the spatial vortex.
The spatial vortex is almost destroyed.
The spatial vortex hits you!!
* * * LOW HITPOINT WARNING * * *
Space warps horribly around you!
You die...

..♣♣♣♣ ♣.############***,,*,,***
...♣.♣ ♣♣.#___#___#__#∩,***,,*,,+
....♣♣ ♣..#...#__.#)_#,,,,,,,,,**
...~.♣ ♣..###'#'###'##,,,,,,,,*,*
..~~♣♣♣♣♣.#..........#,,,,,,,,,**
.~~~~♣..♣.'.⌠........#,*,*,*,**,*
.~≈≈~~~.♣.#...######'#,,*,*,*,,,*
~~≈~~~....#.⌠.#_v#...#+**********
~≈~~~.....#...#_@#...#,,~~~+,*,+,
~~~.......#'###__#...#,*~~~*,*,*,
..........#)).#__#...+,*,,,*,*,*,
...÷......#___#__'...#,*,,,*,,,*,
▓▓▓▓▓▓▓▓▓▓▓▓▓▓▓▓▓▓▓▓▓▓***********
,~~~~~~**,,,,,****~~~,,,,,,,,~~~,
~~~~~~~**,~~~~+**+*~~~~~~~~~~~~**
~,~~~~~~+,,,,,*,~****************
~~~~~~~********,,** *


You could see a spatial vortex.

Vanquished Creatures
  A deep elf pyromancer (D)
  A shadow (D)
  A necrophage (D)
  A water elemental (D)
  A jelly (D)
  A wizard (D)
  A necromancer (D)
  3 humans (D)
  A kobold demonologist (D)
  A wolf (D)
  2 endoplasms (D)
  2 rats (D)
16 creatures vanquished.

Notes
Turn   | Place    | Note
-------+----------+-------------------------------------------
     0 | D        | boopmooplesden the Minotaur Berserker began the quest for
                  | the Orb.
     0 | D        | Reached XP level 1. HP: 19/19 MP: 0/0
     7 | D        | Reached skill level 4 in Axes
   179 | D        | Reached ** piety under Trog
   209 | D        | Reached skill level 5 in Fighting
   209 | D        | Reached skill level 5 in Axes
   209 | D        | Reached XP level 2. HP: 29/29 MP: 1/1
   380 | D        | Reached skill level 6 in Axes
   380 | D        | Reached XP level 3. HP: 37/37 MP: 2/2
   517 | D        | Noticed a water elemental
   522 | D        | Killed a water elemental
   522 | D        | Reached *** piety under Trog
   523 | D        | Reached skill level 7 in Axes
   523 | D        | Reached XP level 4. HP: 47/47 MP: 3/3
   603 | D        | Found a basalt altar of Yredelemnul.
   603 | D        | Found a shadowy altar of Dithmenos.
   603 | D        | Found a sacrificial altar of Ru.
   603 | D        | Noticed a necrophage
   609 | D        | Killed a necrophage
   610 | D        | Reached skill level 8 in Axes
   610 | D        | Reached XP level 5. HP: 53/53 MP: 4/4
   612 | D        | Reached skill level 9 in Axes
   650 | D        | Found a radiant altar of Vehumet.
   651 | D        | Found a shimmering blue altar of Sif Muna.
   651 | D        | Found an ancient bone altar of Kikubaaqudgha.
   654 | D        | Reached **** piety under Trog
   655 | D        | Reached skill level 5 in Dodging
   744 | D        | Found a hide-covered altar of Uskayaw.
   744 | D        | Found an iron altar of Okawaru.
   744 | D        | Found a bloodstained altar of Trog.
   744 | D        | Found an ornate altar of the Wu Jian Council.
   744 | D        | Noticed a human
   745 | D        | Noticed a human
   753 | D        | Killed a human
   754 | D        | Reached skill level 10 in Fighting
   754 | D        | Reached skill level 11 in Axes
   754 | D        | Reached skill level 5 in Armour
   754 | D        | Reached XP level 6. HP: 66/66 MP: 5/5
   755 | D        | Killed a human
   756 | D        | Reached skill level 12 in Axes
   892 | D        | Found a glowing silver altar of Zin.
   892 | D        | Found a glowing golden altar of the Shining One.
   892 | D        | Found a white marble altar of Elyvilon.
   892 | D        | Noticed a deep elf pyromancer
   895 | D        | Noticed a fire elemental
   895 | D        | Noticed a fire elemental
   900 | D        | Killed a deep elf pyromancer
   900 | D        | Reached ***** piety under Trog
   901 | D        | Reached skill level 13 in Axes
   901 | D        | Reached XP level 7. HP: 51/78 MP: 6/6
  1067 | D        | Noticed a shadow
  1071 | D        | Killed a shadow
  1072 | D        | Reached skill level 14 in Axes
  1072 | D        | Reached XP level 8. HP: 85/85 MP: 7/7
  1230 | D        | Found a blossoming altar of Fedhas.
  1230 | D        | Found a stormy altar of Qazlal.
  1230 | D        | Found a snail-covered altar of Cheibriados.
  1230 | D        | Found a burning altar of Makhleb.
  1230 | D        | Found a shimmering altar of Xom.
  1231 | D        | Found a hazy altar of Hepliaklqana.
  1231 | D        | Found an opulent altar of Gozag.
  1231 | D        | Found a sparkling altar of Nemelex Xobeh.
  1231 | D        | Found a corrupted altar of Lugonu.
  1231 | D        | Found a viscous altar of Jiyva.
  1248 | D        | Slain by a spatial vortex

Illustrated notes

Levels and vault maps discovered:
D:        dungeon_sprint_mu [sprint_mu_entry_forest, sprint_mu_temple_rooms,
          sprint_mu_d1_horrors, sprint_mu_d2_genie, sprint_mu_d3_branching,
          sprint_mu_orc_legion, sprint_mu_elf_gauntlet, sprint_mu_hive_nellie,
          sprint_mu_lair_fedhas, sprint_mu_vaults_butterflies,
          sprint_mu_slime_circle, sprint_mu_shoals_archi,
          sprint_mu_snake_twists, sprint_mu_blade_basic,
          sprint_mu_crypt_fortress, sprint_mu_tomb_spiral,
          sprint_mu_vestibule_basic, sprint_mu_gehenna_hellfire,
          sprint_mu_dis_giant, sprint_mu_tartarus_statrot,
          sprint_mu_cocytus_islands, sprint_mu_zot1]

Skill      XL: |  1  2  3  4  5  6  7 |
---------------+----------------------+-----
Fighting       | 5 7 8 10 12 | 12.8
Axes           | 5 6 7 8 11 13 14 | 14.3
Armour         | 3 4 5 6 |  6.5
Dodging        | 3 4 5 7 |  7.4
Long Blades    | |  0.6
Stealth        | |  0.1

Action                   |  1- 3 |  4- 6 |  7- 9 || total
-------------------------+-------+-------+-------++-------
Melee: Hand axe          |    21 |    29 |       ||    50
       Headbutt          |     3 |     5 |     1 ||     9
       Punch             |       |     1 |       ||     1
       Long sword        |       |       |     9 ||     9
Invok: Berserk           |     3 |     4 |     1 ||     8
  Use: Scroll            |     5 |       |       ||     5
Armor: Animal skin       |     1 |     1 |       ||     2
       Ring mail         |       |     1 |       ||     1
Dodge: Dodged            |    14 |    13 |     2 ||    29
